Map: Kairos Junction LE

Players

FancyBear - Winner!

  • Race: Protoss Protoss
  • League: Platinum
  • Spawn Location: 5:00

FadingLight

  • Race: Terran Terran
  • League: Diamond
  • Spawn Location: 11:00

VOD

Have the link to the VOD?

Description

Time

  • Played on: Jan. 20, 2019, 5:35 a.m.
  • Length: 15:03
Show
View Real Time Build Order
Export as new Build Order

FancyBear Protoss - Winner!

Build Orders: Nexus First 

Get SALT Encoding   

  12  0:01  Probe  
  13  0:13  Probe  
  14  0:25  Probe  
  15  0:32  Pylon  
  15  0:50  Probe  
  16  0:59  Nexus  
  16  1:00  Probe  
  17  1:08  Probe  
  17  1:16  Gateway  
  18  1:21  Assimilator  
  18  1:38  Pylon  
  18  1:51  Gateway x2  
  18  1:58  Gateway  
  18  2:12  Probe x2  
  18  2:14  Cybernetics Core  
  19  2:21  Probe  
  20  2:24  Probe  
  22  2:32  Probe  
  22  2:37  Probe  
  24  2:44  Stalker, Probe  
  24  2:46  Zealot  
  24  2:49  Sentry, Probe  
  29  3:01  Warp Gate  
  28  3:19  Probe  
  26  3:27  Probe  
  26  3:33  Probe  
  27  3:37  Probe  
  29  3:41  Probe  
  30  3:49  Probe  
  31  3:57  Nexus  
  31  3:58  Twilight Council  
  31  4:01  Probe  
  32  4:04  Gateway  
  32  4:06  Probe  
  33  4:12  Probe  
  33  4:14  Probe  
  34  4:20  Probe  
  34  4:24  Probe  
  35  4:25  Pylon  
  35  4:28  Probe  
  35  4:29  Blink  
  38  4:43  Assimilator  
  38  4:44  Probe  
  39  4:46  Assimilator  
  39  4:56  Probe  
  40  5:00  Probe  
  40  5:03  Assimilator  
  41  5:09  Stalker x2  
  41  5:10  Zealot x2  
  41  5:11  Zealot, Probe  
  41  5:13  Probe  
  52  5:14  Probe  
  52  5:19  Probe  
  54  5:22  Probe  
  56  5:31  Probe  
  56  5:35  Pylon  
  57  5:42  Pylon  
  57  5:47  Probe x2  
  59  5:51  Stalker  
  59  5:52  Stalker x2  
  59  5:55  Stalker x2  
  69  5:59  Probe x2  
  69  6:12  Robotics Facility  
  69  6:14  Robotics Facility  
  65  6:29  Zealot  
  65  6:30  Zealot x3  
  73  6:34  Stalker  
  73  6:46  Probe  
  73  6:49  Pylon  
  73  6:54  Probe  
  74  6:57  Observer  
  74  6:59  Observer  
  75  7:03  Probe  
  75  7:06  Nexus  
  78  7:11  Probe  
  78  7:12  Charge  
  78  7:13  Immortal  
  78  7:16  Probe  
  78  7:19  Assimilator, Probe  
  78  7:20  Probe  
  85  7:24  Probe  
  85  7:27  Probe  
  87  7:30  Probe  
  87  7:32  Warp Prism  
  91  7:37  Pylon  
  91  7:39  Pylon  
  91  7:53  Probe  
  91  7:55  Immortal  
  96  8:01  Probe  
  96  8:05  Probe  
  98  8:12  Dark Shrine  
  98  8:13  Probe  
  98  8:15  Forge  
  98  8:17  Probe  
  98  8:18  Forge  
  100  8:20  Gateway  
  100  8:23  Gateway  
  100  8:25  Probe  
  100  8:30  Stalker x4  
  109  8:36  Assimilator  
  107  8:41  Stalker  
  103  8:59  Stalker x4  
  105  9:03  Gateway  
  105  9:05  Gateway  
  105  9:06  Gateway, Probe  
  105  9:08  Gateway  
  102  9:12  Probe  
  102  9:13  Probe  
  102  9:14  Probe x2  
  105  9:24  Probe x2  
  104  9:25  Immortal  
  104  9:26  Probe  
  111  9:35  Pylon  
  111  9:36  Probe  
  92  9:48  Probe  
  89  9:54  Stalker  
  89  9:55  Stalker x6  
  101  10:09  Pylon  
  87  10:24  Immortal x2  
  87  10:28  Dark Templar x3  
  97  10:29  Dark Templar x4  
  97  10:30  Dark Templar x3  
  97  10:34  Stalker  
  117  10:42  Pylon  
  117  10:44  Pylon  
  81  10:58  Dark Templar  
  81  11:00  Dark Templar  
  81  11:02  Dark Templar  
  81  11:03  Zealot x2  
  81  11:04  Zealot x5  
  89  11:05  Zealot  
  97  11:13  Zealot x4  
  97  11:14  Zealot x5  
  95  11:25  Gateway  
  86  11:31  Gateway  
  84  11:37  Gateway, Pylon  
  84  11:41  Stalker x3  
  84  11:42  Stalker x5  
  84  11:43  Stalker x3  
  98  12:08  Stalker  
  98  12:09  Stalker x4  
  98  12:10  Stalker x4  
  98  12:11  Stalker x2  
  96  12:41  Stalker  
  96  12:42  Stalker x3  
  96  12:43  Stalker  
  96  12:44  Stalker x5  
  100  12:45  Stalker x4  
  114  12:59  Protoss Ground Weapons Level 1  
  114  13:04  Nexus, Assimilator  
  114  13:07  Assimilator  
  114  13:17  Observer x2  
  116  13:25  Stalker x2  
  120  13:27  Zealot x5  
  120  13:28  Zealot x2  
  134  13:35  Pylon  
  134  13:37  Pylon  
  134  13:38  Immortal  
  134  13:39  Pylon  
  138  13:43  Pylon  
  138  13:45  Pylon  
  138  13:53  Immortal  
  134  14:07  Pylon  
  102  14:17  Immortal  
  102  14:19  Stalker x5  
  102  14:20  Stalker x4  
  102  14:21  Stalker x4  
  102  14:22  Stalker  
  121  14:45  Stalker  
  121  14:46  Stalker x5  
  121  14:47  Stalker x5  
Show
View Real Time Build Order
Export as new Build Order

FadingLight Terran 

Build Orders: Reaper Expand 

Get SALT Encoding   

  12  0:01  SCV  
  13  0:13  SCV  
  14  0:17  Supply Depot  
  14  0:26  SCV  
  15  0:38  SCV  
  15  0:42  Barracks  
  16  0:45  Refinery  
  16  0:50  SCV  
  17  1:03  SCV  
  18  1:15  SCV  
  19  1:30  Orbital Command  
  19  1:31  Reaper  
  20  1:44  Command Center  
  20  1:52  Supply Depot  
  20  1:56  SCV  
  21  2:03  Barracks Reactor  
  21  2:08  Refinery  
  21  2:10  SCV  
  22  2:17  Barracks  
  22  2:29  Factory  
  22  2:32  SCV  
  23  2:39  Marine x2  
  25  2:45  SCV  
  26  2:57  SCV  
  27  3:04  Marine  
  27  3:05  Marine, Barracks Tech Lab  
  29  3:29  Factory Reactor  
  29  3:30  Marine x3, Stimpack  
  29  3:32  Starport  
  32  3:36  Supply Depot  
  32  3:45  Orbital Command, SCV  
  33  3:52  Marine  
  34  3:56  Marine x2  
  34  3:57  SCV  
  37  4:09  SCV  
  38  4:10  Marine  
  38  4:11  SCV  
  40  4:21  SCV  
  41  4:24  Medivac, Factory  
  41  4:25  Medivac, Factory Tech Lab  
  41  4:26  Marine  
  41  4:27  SCV  
  47  4:33  Supply Depot, SCV  
  48  4:39  SCV  
  48  4:41  Engineering Bay  
  48  4:42  Marine x2  
  48  4:45  Marine, SCV  
  52  4:55  Siege Tank  
  52  4:59  Supply Depot  
  55  5:00  Marine x2  
  55  5:07  Armory  
  57  5:16  Barracks  
  57  5:18  SCV x2  
  59  5:22  Starport Reactor  
  59  5:25  Marine x2  
  59  5:27  Marine, Widow Mine x2  
  66  5:33  SCV x2  
  68  5:43  Combat Shield, Marine x2  
  68  5:45  Supply Depot  
  70  5:53  Drilling Claws  
  70  6:07  Marine x3, SCV  
  70  6:08  Terran Infantry Armor Level 1  
  73  6:15  Marine  
  74  6:24  Marine x2  
  74  6:25  Marauder  
  74  6:26  SCV  
  72  6:32  Marine  
  72  6:42  Marine x2  
  72  6:46  Marine, Widow Mine  
  77  6:50  Marine  
  77  6:52  Widow Mine x2  
  82  7:00  Marine x2  
  82  7:03  Terran Vehicle And Ship Armor Level 1  
  82  7:04  Barracks, Marine  
  82  7:07  Barracks  
  82  7:08  Marine, Widow Mine  
  86  7:25  Supply Depot  
  86  7:26  Marine x2  
  86  7:27  Medivac, Widow Mine  
  92  7:32  Barracks Reactor  
  92  7:34  Concussive Shells  
  92  7:35  Command Center  
  92  7:39  Marauder  
  92  7:42  Barracks  
  94  7:46  Refinery  
  94  7:47  Refinery, Widow Mine, SCV  
  97  7:55  Supply Depot  
  97  8:01  Supply Depot  
  97  8:03  Marine  
  97  8:04  Marine x4  
  102  8:08  Widow Mine x3  
  103  8:32  Marine x3  
  103  8:33  Marauder  
  108  8:39  Marine x2  
  101  8:54  Marauder  
  89  9:05  Marine x2  
  84  9:14  Marine x2  
  84  9:15  Siege Tank, Marauder  
  84  9:16  Widow Mine x2  
  88  9:26  Marine  
  88  9:27  Marine x4  
  93  9:32  Marine x2  
  93  9:37  Marauder  
  81  9:44  Marine x3  
  81  9:45  Marine x2  
  73  9:47  Siege Tank  
  73  9:49  Marine  
  73  9:50  Marine  
  76  9:58  Marauder, Widow Mine x2  
  80  10:02  Marine x4  
  80  10:03  Marine  
  83  10:07  Marine x2  
  80  10:19  Siege Tank, Marauder, Widow Mine  
  80  10:20  Marine x5, Widow Mine  
  93  10:22  Medivac  
  93  10:25  Marine x2  
  97  10:38  Marine x4  
  97  10:41  Marauder  
  97  10:42  Supply Depot  
  103  10:44  Terran Vehicle And Ship Armor Level 2, Terran Infantry Weapons Level 1  
  103  10:45  Supply Depot  
  89  10:54  Marine x2  
  89  10:55  Marine x2  
  85  10:58  Marine x2  
  85  11:01  Marine  
  85  11:02  Marine  
  87  11:16  Marine x3  
  90  11:23  Marine x4  
  90  11:34  Marine x3  
  90  11:35  Siege Tank, Marine  
  90  11:36  Widow Mine x2  
  101  11:44  Marine x2  
  101  11:48  Marine x2  
  101  11:52  Marine x3  
  106  12:08  Marine x4  
  84  12:38  Marine x5  
  84  12:39  Marauder, Marine  
  83  12:45  Marine  
  83  12:56  Marine x6  
  89  13:00  Marauder  
  89  13:03  Marine  
  92  13:14  Marine x6  
  100  13:20  Widow Mine x2  
  100  13:21  Marine  
  100  13:22  Marauder  
  105  13:32  Marine x6  
  111  13:38  Marine  
  112  13:43  Marauder  
  112  13:46  Widow Mine x2  
  112  13:47  Widow Mine  
  120  13:50  Marine x6  
  120  13:56  Marine  
  114  14:04  Marine  
  114  14:07  Marine  
  106  14:13  Marine x4  
  100  14:22  Marauder  
  90  14:25  Marine  
  90  14:26  Marine  
  88  14:34  Marine  
Tags
 
Add a new tag
Caveats
  • Supply blocks, unpowered buildings, or Contaminate may cause inaccurate times.
  • Supply counts are checked every 10 seconds.